[Event "Titled Tuesday Blitz November 01 Early 2022"]
[White "Pakleza, Zbigniew"]
[Black "Postnikov, Daniil"]
[WhiteFideId "1119290"]
[BlackFideId "4166329"]
[WhiteElo "2411"]
[BlackElo "2261"]
[Result "1-0"]
[Round "07"]
[TimeControl "180+1"]
[Date "2022.11.02"]
[WhiteClock "0:00:06"]
[BlackClock "0:00:04"]

1. d4 Nf6 2. Nf3 g6 3. Bf4 Bg7 4. e3 O-O 5. Be2 d6 6. h3 c5 7. c3 Qb6 8. Qb3 cxd4 9. Qxb6 axb6 10. cxd4 Na6 11. Nc3 Nb4 12. Kd2 Be6 13. a3 Nbd5 14. Nxd5 Nxd5 15. Bg3 Rfc8 16. Rhc1 Rxc1 17. Rxc1 Rc8 18. Rxc8+ Bxc8 19. Kc2 Bd7 20. Nd2 f5 21. Bc4 Bc6 22. Kd3 Kf8 23. f3 Bh6 24. Bf2 e5 25. Bxd5 Bxd5 26. dxe5 dxe5 27. e4 fxe4+ 28. fxe4 Be6 29. Nc4 b5 30. Nd6 Ke7 31. Nxb5 Bc1 32. Kc2 Bg5 33. b3 Bd7 34. Nc3 Kd6 35. Kd3 b5 36. a4 bxa4 37. bxa4 Bc8 38. Kc4 Kc6 39. Nb5 Ba6 40. Bc5 Bh4 41. Bf8 Bg5 42. Bg7 Bf4 43. Bf6 Bg3 44. Bg5 Bh2 45. Kb4 Bg3 46. Ka5 Bb7 47. Bd2 Bf2 48. Nc3 Bb6+ 49. Kb4 Bc5+ 50. Kc4 Bd4 51. Nb5 Bg1 52. Bc3 Bh2 53. Bb4 Bf4 54. Bc5 Bd2 55. Bf2 Bf4 56. Bg1 Bg3 57. Be3 Bh2 58. Kd3 Ba6 59. Kc4 Bg3 60. Bg5 Bh2 61. Kb4 Bg3 62. Bd2 Bb7 63. Bc3 Bf4 64. Kc4 Ba6 65. Bb2 Bg3 66. Bc1 Bh2 67. Be3 Bg3 68. Kb4 Be1+ 69. Kb3 Bg3 70. Kc4 Bh2 71. g4 Bg3 72. Bg5 Bh2 73. Bf6 Bg3 74. Kb4 Be1+ 75. Kc4 Bg3 76. Bg7 Bf4 77. Bf8 Bg3 78. Bb4 Bf4 79. Be1 Bh2 80. Bd2 Bg3 81. Kb4 Bh2 82. Ka5 Bb7 83. Nc3 Bg1 84. Nd5 Bb6+ 85. Nxb6 1-0


[Site "https://www.chess.com"]

[Event "Titled Tuesday Blitz November 01 Early 2022"]
[White "Palacio,Igor Da Paz"]
[Black "Kaplan, Ebru"]
[WhiteFideId "2121140"]
[BlackFideId "6315194"]
[WhiteElo "2126"]
[BlackElo "1941"]
[Result "1-0"]
[Round "07"]
[TimeControl "180+1"]
[Date "2022.11.02"]
[WhiteClock "0:00:12"]
[BlackClock "0:00:46"]

1. e4 c5 2. Nc3 d6 3. g3 g6 4. Bg2 Bg7 5. d3 Nc6 6. f4 Nf6 7. Nf3 e6 8. O-O Rb8 9. a4 a6 10. h3 O-O 11. g4 b5 12. axb5 axb5 13. Be3 b4 14. Ne2 Qb6 15. Rb1 b3 16. c3 Ra8 17. Nd2 Rb8 18. Nc1 Na5 19. Ra1 Ba6 20. Rf2 Qb5 21. Bf1 d5 22. e5 Nd7 23. Ncxb3 Nxb3 24. Qxb3 Qc6 25. Qa3 Ra8 26. Qb3 Bc4 27. Qd1 Rxa1 28. Qxa1 Ra8 29. Qb1 Ba2 30. Qc1 f6 31. d4 c4 32. Bg2 Qb5 33. Qc2 Rb8 34. Nf3 Nb6 35. Bc1 f5 36. Ng5 Re8 37. gxf5 gxf5 38. Bf3 Na4 39. Bh5 Re7 40. Rg2 Kh8 41. Nf7+ Kg8 42. Nd6 Qb6 43. Qxa4 Bb3 44. Qa8+ 1-0


[Site "https://www.chess.com"]

[Event "Titled Tuesday Blitz November 01 Early 2022"]
[White "Paravyan, David"]
[Black "Dominguez Perez, Leinier"]
[WhiteFideId "4194985"]
[BlackFideId "3503240"]
[WhiteElo "2555"]
[BlackElo "2647"]
[Result "1-0"]
[Round "07"]
[TimeControl "180+1"]
[Date "2022.11.01"]
[WhiteClock "0:00:24"]
[BlackClock "0:00:06"]

1. e4 c5 2. Nf3 d6 3. d4 cxd4 4. Nxd4 Nf6 5. Nc3 a6 6. Bg5 Nbd7 7. a3 Qc7 8. Qd2 b5 9. O-O-O Bb7 10. f3 h6 11. Be3 g6 12. Kb1 Bg7 13. h4 h5 14. Be2 Nb6 15. Rhe1 Nfd7 16. Bg5 Ne5 17. Qc1 O-O 18. Bh6 Rac8 19. Bxg7 Kxg7 20. Qg5 e6 21. f4 Nec4 22. Bxh5 Nxa3+ 23. Kc1 Kh7 24. Nxe6 fxe6 25. Bxg6+ Kh8 26. Rd3 Qg7 27. Qh5+ Kg8 28. Rg3 Rxc3 29. Bh7+ Kh8 30. Bf5+ Kg8 31. Qh7+ 1-0


[Site "https://www.chess.com"]

[Event "Titled Tuesday Blitz November 01 Early 2022"]
[White "Parligras, Mircea-Emilian"]
[Black "Martinez Alcantara, Jose Eduardo"]
[WhiteFideId "1204297"]
[BlackFideId "3805662"]
[WhiteElo "2507"]
[BlackElo "2703"]
[Result "0-1"]
[Round "07"]
[TimeControl "180+1"]
[Date "2022.11.01"]
[WhiteClock "0:00:14"]
[BlackClock "0:01:43"]

1. d4 c5 2. d5 d6 3. e4 Nf6 4. Nc3 e5 5. Bb5+ Nbd7 6. a4 Be7 7. Nf3 O-O 8. O-O Ne8 9. Bd3 g6 10. Nd2 Ng7 11. Nc4 f5 12. f4 Kh8 13. Bd2 a6 14. a5 Rb8 15. Qe2 b5 16. axb6 Nxb6 17. Na5 Bd7 18. fxe5 dxe5 19. exf5 gxf5 20. Qxe5 Bf6 21. Qg3 Bd4+ 22. Kh1 Qf6 23. Nc6 Bxc6 24. dxc6 Qxc6 25. Rxa6 Qb7 26. Rfa1 Rg8 27. Ra7 Qc6 28. Qh3 Rbf8 29. Re1 c4 30. Bf1 Nd5 31. Raa1 Nf6 32. Qf3 Qc5 33. Ra6 Ng4 34. Nd1 Nh5 35. Bc3 Rd8 36. Bxd4+ Qxd4 37. Qc3 Qxc3 38. Nxc3 Rd2 39. Bxc4 Nf2+ 40. Kg1 Nh3+ 41. Kf1 Rf2# 0-1


[Site "https://www.chess.com"]

[Event "Titled Tuesday Blitz November 01 Early 2022"]
[White "Parpiev, Isaak"]
[Black "Rakhmanov, Aleksandr"]
[WhiteFideId "34281576"]
[BlackFideId "4173708"]
[WhiteElo "2100"]
[BlackElo "2530"]
[Result "0-1"]
[Round "07"]
[TimeControl "180+1"]
[Date "2022.11.02"]
[WhiteClock "0:00:10"]
[BlackClock "0:00:24"]

1. e4 c5 2. Nf3 Nf6 3. d3 d5 4. e5 Ng8 5. g3 Nc6 6. Bg2 Bg4 7. Bf4 e6 8. h3 Bh5 9. g4 Bg6 10. Nc3 a6 11. Bg3 Be7 12. Ne2 h6 13. Nf4 Bh7 14. Nh5 Bf8 15. Qe2 Nge7 16. O-O Ng6 17. c3 Rg8 18. Nd2 Be7 19. f4 Nh4 20. Bh1 Bg6 21. f5 Bxh5 22. fxe6 Bg6 23. exf7+ Bxf7 24. Rxf7 Kxf7 25. c4 dxc4 26. dxc4 Qd4+ 27. Kh2 Rgd8 28. Bd5+ Rxd5 29. cxd5 Qxd5 30. Qf2+ Kg8 0-1


[Site "https://www.chess.com"]

[Event "Titled Tuesday Blitz November 01 Early 2022"]
[White "Pham, Khoi"]
[Black "Pinheiro, Iung Alicio de O."]
[WhiteFideId "1054988"]
[BlackFideId "2104350"]
[WhiteElo "2477"]
[BlackElo "2283"]
[Result "0-1"]
[Round "07"]
[TimeControl "180+1"]
[Date "2022.11.02"]
[WhiteClock "0:00:02"]
[BlackClock "0:00:14"]

1. e4 c5 2. Nf3 Nc6 3. d4 cxd4 4. Nxd4 e5 5. Nb5 d6 6. Be2 Be7 7. O-O Nf6 8. N1c3 a6 9. Na3 b5 10. Nd5 Nxe4 11. c4 b4 12. Nc2 Rb8 13. Bf3 Nc5 14. a3 a5 15. axb4 axb4 16. Bd2 b3 17. Ncb4 Nd4 18. Bc3 Nxf3+ 19. Qxf3 Bb7 20. Rad1 O-O 21. Rfe1 Bg5 22. g3 Kh8 23. h4 Bh6 24. Qe2 Qd7 25. Ne3 Bxe3 26. Qxe3 Qh3 27. Nd5 Rbe8 28. Bb4 f5 29. Bxc5 dxc5 30. Qxc5 f4 31. gxf4 Bxd5 32. Rxd5 Rxf4 33. f3 Rxf3 34. Re2 Rf1# 0-1


[Site "https://www.chess.com"]

[Event "Titled Tuesday Blitz November 01 Early 2022"]
[White "Predke, Alexandr"]
[Black "Terzi, Alexei"]
[WhiteFideId "24107581"]
[BlackFideId "13505076"]
[WhiteElo "2614"]
[BlackElo "2172"]
[Result "1-0"]
[Round "07"]
[TimeControl "180+1"]
[Date "2022.11.01"]
[WhiteClock "0:00:22"]
[BlackClock "0:00:05"]

1. Nf3 Nf6 2. c4 c5 3. Nc3 g6 4. d4 cxd4 5. Nxd4 Nc6 6. e4 d6 7. Be2 Nxd4 8. Qxd4 Bg7 9. Be3 O-O 10. Qd2 a5 11. f3 a4 12. h4 h5 13. Bh6 Qa5 14. Bxg7 Kxg7 15. Nd5 Nxd5 16. cxd5 Bd7 17. Rc1 Rfc8 18. Rxc8 Qxd2+ 19. Kxd2 Rxc8 20. Rc1 Rxc1 21. Kxc1 Kf6 22. f4 e6 23. dxe6 fxe6 24. Kd2 Bc6 25. Ke3 e5 26. g3 b6 27. a3 Ke6 28. Bc4+ Kf6 29. Kd3 Ke7 30. Ke3 Kf6 31. Be2 Bb7 32. Bf3 Bc6 33. Kd3 Ke7 34. Bd1 Kf6 35. Bc2 Ke7 36. Kc4 Kf6 37. Kb4 Ke7 38. fxe5 dxe5 39. Bxa4 Bxe4 40. Kc3 Kd6 41. b4 Bf5 42. Bb3 Be4 43. a4 Bf5 44. Bf7 Ke7 45. Bd5 Kd6 46. Bg2 Bb1 47. Kc4 Ba2+ 48. Kb5 Kc7 49. Be4 Bf7 50. a5 Be8+ 51. Kc4 bxa5 52. bxa5 Bf7+ 53. Kc5 Be8 54. a6 Bf7 55. a7 1-0


[Site "https://www.chess.com"]

[Event "Titled Tuesday Blitz November 01 Early 2022"]
[White "Principe, Gerson"]
[Black "Jaskolka, Tomasz"]
[WhiteFideId "3804550"]
[BlackFideId "1170791"]
[WhiteElo "2280"]
[BlackElo "2126"]
[Result "0-1"]
[Round "07"]
[TimeControl "180+1"]
[Date "2022.11.02"]
[WhiteClock "0:01:23"]
[BlackClock "0:02:03"]

1. Nf3 d5 2. b3 Bg4 3. Ne5 Bf5 4. f4 f6 5. Nf3 Nc6 6. Bb2 Qd7 7. e3 O-O-O 8. Bb5 a6 9. Bxc6 Qxc6 10. Nd4 Qd7 11. Nxf5 Qxf5 12. O-O e6 13. Nc3 Bc5 14. d4 Ba7 15. Na4 Ne7 16. c4 dxc4 17. bxc4 Qe4 18. Re1 Nf5 19. Qb3 g5 20. fxg5 Rhg8 21. Nc3 Qg4 22. Qd1 Qxg5 23. Qf3 Nh4 24. Qg3 Qh5 0-1


[Site "https://www.chess.com"]

[Event "Titled Tuesday Blitz November 01 Early 2022"]
[White "Quirke, Jeffrey"]
[Black "Goriatchkin, Jouri"]
[WhiteFideId "2013029"]
[BlackFideId "4120183"]
[WhiteElo "2194"]
[BlackElo "1855"]
[Result "1/2-1/2"]
[Round "07"]
[TimeControl "180+1"]
[Date "2022.11.02"]
[WhiteClock "0:01:13"]
[BlackClock "0:01:25"]

1. e4 c6 2. Nf3 d5 3. Nc3 dxe4 4. Nxe4 Nf6 5. Qe2 Nxe4 6. Qxe4 Qd5 7. Qf4 Qf5 8. d3 Qxf4 9. Bxf4 Bf5 10. Be2 e6 11. O-O-O Be7 12. h3 Nd7 13. g4 Bg6 14. Ne5 Nxe5 15. Bxe5 f6 16. Bc3 e5 17. Bf3 Bf7 18. Be4 Bd5 19. a3 Bxe4 20. dxe4 Rd8 21. f3 Kf7 22. Rxd8 Rxd8 23. Rd1 Rxd1+ 24. Kxd1 Ke6 25. Ke2 Bc5 26. Bd2 g5 27. Be1 Bd4 28. c3 Bc5 29. h4 h6 30. h5 Bf8 31. Kd3 Kd6 32. b4 b5 33. c4 Ke6 34. Bf2 a6 35. Bb6 Kd7 36. c5 Be7 37. Kc3 Bd8 38. Bxd8 Kxd8 39. Kd3 1/2-1/2


[Site "https://www.chess.com"]

[Event "Titled Tuesday Blitz November 01 Early 2022"]
[White "Ristic, Nebojsa B"]
[Black "Weetik, Vjacheslav"]
[WhiteFideId "935468"]
[BlackFideId "4153472"]
[WhiteElo "2320"]
[BlackElo "2469"]
[Result "0-1"]
[Round "07"]
[TimeControl "180+1"]
[Date "2022.11.02"]
[WhiteClock "0:00:13"]
[BlackClock "0:00:23"]

1. d4 Nf6 2. Bf4 g6 3. Nc3 Bg7 4. e4 d6 5. Qd2 O-O 6. O-O-O c6 7. f3 b5 8. Bd3 b4 9. Nce2 c5 10. Bh6 Qa5 11. Kb1 Nc6 12. Bxg7 Kxg7 13. Bc4 Ba6 14. Bxa6 Qxa6 15. h4 h5 16. Nh3 c4 17. Nc1 e5 18. dxe5 dxe5 19. Nf2 Nd4 20. Qg5 Rfe8 21. Rhf1 Rab8 22. Nh3 b3 23. cxb3 cxb3 24. a3 Qc4 25. Qd2 Rbc8 26. Nd3 Nd7 27. Rc1 Qb5 28. Rc3 Rxc3 29. bxc3 Nc2 30. Nb4 Qxf1+ 31. Kb2 Nc5 32. Qd5 Qa1# 0-1


[Site "https://www.chess.com"]

[Event "Titled Tuesday Blitz November 01 Early 2022"]
[White "Rohith Krishna S"]
[Black "Jean Louis, Marckens"]
[WhiteFideId "46617051"]
[BlackFideId "11900270"]
[WhiteElo "2270"]
[BlackElo "2030"]
[Result "0-1"]
[Round "07"]
[TimeControl "180+1"]
[Date "2022.11.02"]
[WhiteClock "0:00:07"]
[BlackClock "0:00:14"]

1. d4 d5 2. c4 e6 3. Nc3 Nf6 4. Nf3 Be7 5. Bf4 O-O 6. e3 c6 7. Bd3 Re8 8. O-O Nbd7 9. h3 Nf8 10. Qe2 Ng6 11. Bh2 Bd6 12. Ne5 a6 13. a4 c5 14. cxd5 exd5 15. a5 Nxe5 16. dxe5 Bxe5 17. Bxe5 Rxe5 18. Rfd1 Qe7 19. Na4 d4 20. Bc4 dxe3 21. fxe3 Be6 22. Kh1 Ne4 23. Kg1 Bxc4 24. Qxc4 Qg5 25. Ra3 Rae8 26. Rad3 h5 27. Rf1 Nf6 28. Rf3 Rxe3 29. Qxc5 Rxf3 30. Rxf3 Re1+ 31. Kh2 Qh4 32. Qc8+ Re8 33. Qf5 Ng4+ 34. Kg1 Re1+ 35. Rf1 Rxf1+ 36. Qxf1 Ne3 37. Qe2 Qxa4 38. Qxe3 Qb5 39. Qe7 f6 40. b4 Kh7 41. Qd6 Qe5 42. Qb6 Qd5 43. Qc7 Qd4+ 44. Kh1 Qxb4 45. Qc2+ g6 46. Qc7+ Kh6 47. Qc1+ g5 48. Qc7 Kg6 49. Qd8 Qe1+ 50. Kh2 Qe5+ 51. Kh1 g4 52. Qg8+ Kf5 53. Qh7+ Kf4 54. hxg4 hxg4 55. Qh6+ Qg5 56. Qh2+ g3 57. Qh7 Kg4 58. Qh3+ Kf4 59. Qh7 f5 60. Qc7+ Kg4 61. Qc4+ f4 62. Qe6+ Qf5 63. Qg8+ Qg5 64. Qe6+ Kh5 65. Qf7+ Qg6 66. Qxf4 Qb1+ 67. Qf1 Qxf1# 0-1


[Site "https://www.chess.com"]

[Event "Titled Tuesday Blitz November 01 Early 2022"]
[White "Romero Ruscalleda, Josep"]
[Black "Kotepalli, Sai Nirupama"]
[WhiteFideId "2231859"]
[BlackFideId "5039444"]
[WhiteElo "2273"]
[BlackElo "2393"]
[Result "1-0"]
[Round "07"]
[TimeControl "180+1"]
[Date "2022.11.02"]
[WhiteClock "0:01:51"]
[BlackClock "0:01:01"]

1. e4 c5 2. c3 Nf6 3. e5 Nd5 4. Nf3 Nc6 5. Bc4 Nb6 6. Bb3 c4 7. Bc2 d6 8. exd6 exd6 9. O-O Be7 10. Qe2 Be6 11. b3 d5 12. d4 cxd3 13. Qxd3 Qc7 14. Re1 O-O-O 15. a4 h6 16. a5 Nd7 17. a6 b6 18. Na3 Nc5 19. Qe2 Bf6 20. Nb5 Qd7 21. Bf4 Qe7 22. b4 1-0


[Site "https://www.chess.com"]

[Event "Titled Tuesday Blitz November 01 Early 2022"]
[White "Ronka, Erik"]
[Black "Goryachkina, Aleksandra"]
[WhiteFideId "505080"]
[BlackFideId "4147103"]
[WhiteElo "2264"]
[BlackElo "2484"]
[Result "0-1"]
[Round "07"]
[TimeControl "180+1"]
[Date "2022.11.02"]
[WhiteClock "0:00:02"]
[BlackClock "0:00:07"]

1. d4 Nf6 2. Bf4 d5 3. e3 c5 4. c3 Nc6 5. Nd2 e6 6. Ngf3 Bd6 7. Bg3 O-O 8. Bd3 b6 9. Qe2 Bb7 10. O-O Bxg3 11. hxg3 Qc7 12. dxc5 bxc5 13. e4 dxe4 14. Nxe4 Nxe4 15. Qxe4 g6 16. Qe3 Rfd8 17. Kh2 Ne7 18. Ng5 Nf5 19. Qe2 Rd6 20. Rad1 Rad8 21. Be4 Ba6 22. c4 Nd4 23. Qe3 Bxc4 24. Rh1 Nf5 25. Qc1 Rxd1 26. Rxd1 Rxd1 27. Qxd1 h6 28. Nf3 Bxa2 29. b3 c4 30. bxc4 Bxc4 31. Qa4 Bd5 32. Bd3 Bxf3 33. gxf3 Qd6 34. Bxf5 exf5 35. Qxa7 h5 36. Kg2 f4 37. Qa8+ Kg7 38. Qe4 fxg3 39. fxg3 Qd2+ 40. Kh3 Qb2 41. g4 hxg4+ 42. fxg4 Qf2 43. Qe5+ Qf6 44. Qe4 Qe6 45. Qd4+ Kg8 46. Qd8+ Kh7 47. Qd4 Qe7 48. Qf4 Kg8 49. Qb8+ Kg7 50. Qf4 Qa3+ 51. Kh2 Qb2+ 52. Kh3 Kf8 53. Qd6+ Ke8 54. Qc6+ Ke7 55. Qc5+ Ke6 56. Qe3+ Kf6 57. Qf4+ Kg7 58. Qf3 g5 59. Qf5 Qf6 60. Qe4 Qe6 61. Qd4+ Kg6 62. Qd3+ Kf6 63. Qf3+ Kg7 64. Qc3+ Qf6 65. Qd3 Qe5 66. Qf3 Kf8 67. Qa8+ Ke7 68. Qf3 f6 69. Qa3+ Ke6 70. Qb3+ Kd6 71. Qd3+ Kc5 72. Qf3 Kd4 73. Qd1+ Ke4 74. Qe2+ Kd4 75. Qd2+ Kc4 76. Qc2+ Qc3+ 77. Qxc3+ Kxc3 78. Kg2 Kd4 79. Kf3 Kd3 80. Kf2 Ke4 81. Kg2 Kf4 82. Kh3 Kf3 0-1


[Site "https://www.chess.com"]

[Event "Titled Tuesday Blitz November 01 Early 2022"]
[White "Rose, Felix"]
[Black "Zilleruelo Irizarry, Diego"]
[WhiteFideId "5105722"]
[BlackFideId "3101460"]
[WhiteElo "2039"]
[BlackElo "1998"]
[Result "0-1"]
[Round "07"]
[TimeControl "180+1"]
[Date "2022.11.02"]
[WhiteClock "0:00:46"]
[BlackClock "0:00:51"]

1. e4 c6 2. d4 d5 3. e5 c5 4. dxc5 e6 5. a3 Bxc5 6. b4 Bb6 7. Bb2 Ne7 8. Nf3 O-O 9. Bd3 Nd7 10. O-O Ng6 11. Re1 a5 12. Nbd2 axb4 13. axb4 Rxa1 14. Bxa1 Nf4 15. Bf1 f6 16. c4 fxe5 17. c5 Bc7 18. Nxe5 Nxe5 19. Bxe5 Bxe5 20. Rxe5 Qf6 21. Qe1 Bd7 22. Nf3 Nh3+ 23. Kh1 Nxf2+ 24. Qxf2 Qxe5 25. Nxe5 Rxf2 26. Kg1 Rf7 27. Nxd7 Rxd7 28. b5 Rc7 0-1


[Site "https://www.chess.com"]

[Event "Titled Tuesday Blitz November 01 Early 2022"]
[White "Rustemov, Alexander"]
[Black "Mirzoev, Azer"]
[WhiteFideId "4119002"]
[BlackFideId "13400304"]
[WhiteElo "2929"]
[BlackElo "2525"]
[Result "1-0"]
[Round "07"]
[TimeControl "180+1"]
[Date "2022.11.01"]
[WhiteClock "0:00:30"]
[BlackClock "0:00:52"]

1. d4 d5 2. c4 c6 3. Nc3 Nf6 4. e3 e6 5. Nf3 Nbd7 6. Qc2 Be7 7. Bd3 b6 8. O-O Bb7 9. Rd1 Qc7 10. b3 O-O 11. Bb2 h6 12. Rac1 Rac8 13. Qe2 Qb8 14. e4 dxe4 15. Nxe4 Nxe4 16. Qxe4 Nf6 17. Qe2 c5 18. h3 Rfe8 19. Ne5 cxd4 20. Bxd4 Qa8 21. f3 Bc5 22. Qe3 Qb8 23. Bf1 Bxd4 24. Rxd4 Red8 25. Rcd1 Qc7 26. Rxd8+ Rxd8 27. Rxd8+ Qxd8 28. Qd3 Qc7 29. Qd4 Kf8 30. Kf2 Ke7 31. Ke3 Ne8 32. f4 Nd6 33. g4 f6 34. Nd3 Qc6 35. c5 bxc5 36. Qxc5 Qe4+ 37. Kd2 Qxf4+ 38. Nxf4 1-0


[Site "https://www.chess.com"]

[Event "Titled Tuesday Blitz November 01 Early 2022"]
[White "Safin, Robert"]
[Black "Tarasova, Viktoriya"]
[WhiteFideId "34189120"]
[BlackFideId "4175840"]
[WhiteElo "2219"]
[BlackElo "2182"]
[Result "1/2-1/2"]
[Round "07"]
[TimeControl "180+1"]
[Date "2022.11.02"]
[WhiteClock "0:00:02"]
[BlackClock "0:00:25"]

1. e4 e5 2. Nf3 Nc6 3. Nc3 Nf6 4. d4 exd4 5. Nxd4 Bb4 6. Nxc6 bxc6 7. Bd3 d5 8. exd5 cxd5 9. O-O O-O 10. Bg5 c6 11. Qf3 Bd6 12. h3 Rb8 13. Nd1 Be6 14. b3 c5 15. Ne3 Be5 16. Rae1 h6 17. Bh4 Bc3 18. Re2 Rb4 19. Bxf6 Bxf6 20. Rd1 Qa8 21. Nf5 Qd8 22. c4 d4 23. Qh5 Rb6 24. Nxh6+ gxh6 25. Qxh6 Re8 26. Bh7+ Kh8 27. Bf5+ Kg8 28. Bh7+ Kh8 29. Bf5+ Kg8 30. Bh7+ 1/2-1/2


[Site "https://www.chess.com"]

[Event "Titled Tuesday Blitz November 01 Early 2022"]
[White "Salem, A.R. Saleh"]
[Black "Lewtak, Damian"]
[WhiteFideId "9301348"]
[BlackFideId "1141724"]
[WhiteElo "2628"]
[BlackElo "2329"]
[Result "1-0"]
[Round "07"]
[TimeControl "180+1"]
[Date "2022.11.02"]
[WhiteClock "0:01:27"]
[BlackClock "0:01:35"]

1. d4 f5 2. c4 c6 3. e4 fxe4 4. Nc3 Nf6 5. Bg5 g6 6. h4 d5 7. h5 Bg7 8. h6 Bf8 9. Qb3 Qb6 10. cxd5 Qxb3 11. axb3 Nxd5 12. Nxe4 Bf5 13. Nc5 b6 14. Na6 Nxa6 15. Bxa6 Rb8 16. Nf3 Nb4 17. Ne5 Nc2+ 18. Kd2 Nxa1 19. Rxa1 Be4 20. Bc4 a5 21. Bf7+ Kd8 22. f3 Bxf3 23. gxf3 Kc7 24. Rc1 c5 25. dxc5 bxc5 26. Rxc5+ Kb6 27. Nd7+ 1-0


[Site "https://www.chess.com"]

[Event "Titled Tuesday Blitz November 01 Early 2022"]
[White "Salman, Pavel"]
[Black "Grot, Blazej"]
[WhiteFideId "24153753"]
[BlackFideId "21835845"]
[WhiteElo "2187"]
[BlackElo "1739"]
[Result "0-1"]
[Round "07"]
[TimeControl "180+1"]
[Date "2022.11.02"]
[WhiteClock "0:00:22"]
[BlackClock "0:00:48"]

1. d4 Nf6 2. Nc3 e6 3. e4 d5 4. e5 Nfd7 5. h4 c5 6. Nf3 Nc6 7. Bg5 Qb6 8. Na4 Qa5+ 9. c3 cxd4 10. b4 Qc7 11. cxd4 Bxb4+ 12. Bd2 Bxd2+ 13. Qxd2 Qa5 14. Qxa5 Nxa5 15. Rc1 Nc6 16. Bb5 Ndb8 17. Kd2 a6 18. Nb6 axb5 19. Nxa8 Ke7 20. Nb6 Nd7 21. Nxd7 Bxd7 22. Rb1 Na5 23. Rhc1 Nc4+ 24. Kd3 Ra8 25. Nd2 Rxa2 26. Nxc4 bxc4+ 27. Ke3 b5 28. Rb4 Ra3+ 29. Ke2 h5 30. g3 g6 31. Rb2 Ra4 32. Rcb1 Ra3 33. Rd2 Ra4 34. Rdb2 Ra3 35. Rb4 Ra2+ 36. Kf3 Ra3+ 37. Kg2 Ra2 38. R4b2 Ra3 39. f3 Kd8 40. g4 hxg4 41. fxg4 Rd3 42. h5 Rxd4 43. h6 Rxg4+ 44. Kh1 Bc6 45. Rd1 d4+ 46. Kh2 Rh4+ 47. Kg3 Rxh6 48. Rxd4+ Kc7 49. Rf2 Rh7 50. Kg4 Bd5 51. Kg5 Rh5+ 52. Kf6 Rf5+ 53. Rxf5 gxf5 54. Kxf7 Kc6 55. Rd1 b4 56. Kf6 c3 57. Kg5 b3 58. Rd3 b2 59. Rxc3+ Kb7 0-1


[Site "https://www.chess.com"]

[Event "Titled Tuesday Blitz November 01 Early 2022"]
[White "Schekachikhin, Maksim"]
[Black "Azarov, Sergei"]
[WhiteFideId "24177830"]
[BlackFideId "13501470"]
[WhiteElo "2272"]
[BlackElo "2494"]
[Result "1-0"]
[Round "07"]
[TimeControl "180+1"]
[Date "2022.11.02"]
[WhiteClock "0:00:06"]
[BlackClock "0:00:04"]

1. d4 f5 2. Bf4 Nf6 3. e3 e6 4. Nf3 b6 5. h3 Bb7 6. Be2 Be7 7. O-O O-O 8. c4 Ne4 9. Nbd2 Bf6 10. Nxe4 Bxe4 11. Nd2 Bb7 12. Bf3 Bxf3 13. Qxf3 Nc6 14. Rfd1 Qe8 15. a3 e5 16. dxe5 Nxe5 17. Qd5+ Kh8 18. Rab1 d6 19. Nf3 Nxf3+ 20. Qxf3 Qe4 21. Qxe4 fxe4 22. b4 Rad8 23. a4 Kg8 24. Rd5 Kf7 25. a5 Ke6 26. axb6 axb6 27. Rbd1 h6 28. g4 Ra8 29. c5 dxc5 30. bxc5 Ra5 31. Bxc7 Rxc5 32. Rd6+ Kf7 33. Bxb6 Rc4 34. Bd4 Rfc8 35. Kg2 Be7 36. Rd7 Ke6 37. Bxg7 Rc2 38. Bxh6 Bh4 39. R7d2 R2c4 40. Bf4 Ra4 41. Rd6+ Kf7 42. Rd7+ Kg8 43. R7d4 Ra2 44. Bg3 Bxg3 45. Kxg3 Rcc2 46. Rf1 1-0


[Site "https://www.chess.com"]

[Event "Titled Tuesday Blitz November 01 Early 2022"]
[White "Schut, Han"]
[Black "Mihailidis, Anastasios"]
[WhiteFideId "1005561"]
[BlackFideId "4205588"]
[WhiteElo "2024"]
[BlackElo "2312"]
[Result "1-0"]
[Round "07"]
[TimeControl "180+1"]
[Date "2022.11.02"]
[WhiteClock "0:01:31"]
[BlackClock "0:01:36"]

1. e4 c5 2. Nf3 d6 3. d4 cxd4 4. Nxd4 Nf6 5. f3 e5 6. Bb5+ Bd7 7. Bxd7+ Qxd7 8. Nf5 d5 9. Bg5 d4 10. c3 dxc3 11. Nxc3 Bb4 12. Nxg7+ Ke7 13. Nf5+ Ke6 14. Qb3+ Nd5 15. O-O-O Bxc3 16. Rxd5 Bxb2+ 17. Kxb2 Nc6 18. Rd6# 1-0


[Site "https://www.chess.com"]

[Event "Titled Tuesday Blitz November 01 Early 2022"]
[White "Sernecki, Franciszek"]
[Black "Shimelkov, Vasiliy"]
[WhiteFideId "1169297"]
[BlackFideId "13701630"]
[WhiteElo "2209"]
[BlackElo "2073"]
[Result "1-0"]
[Round "07"]
[TimeControl "180+1"]
[Date "2022.11.02"]
[WhiteClock "0:00:52"]
[BlackClock "0:00:04"]

1. c4 c5 2. Nc3 Nc6 3. g3 g6 4. Bg2 Bg7 5. e4 d6 6. Nge2 e5 7. O-O Nge7 8. d3 O-O 9. f4 Be6 10. h3 Rb8 11. Kh2 Qd7 12. Be3 a6 13. a4 f5 14. fxe5 Nxe5 15. Nf4 Kh8 16. Rb1 Bg8 17. b4 b6 18. Ncd5 Nxd5 19. Nxd5 Bxd5 20. exd5 h6 21. Qd2 Kh7 22. a5 bxa5 23. bxc5 dxc5 24. Bxc5 Rfc8 25. Rxb8 Rxb8 26. Re1 Rb3 27. Qxa5 Rxd3 28. Qxa6 Qc8 29. Bb4 f4 30. gxf4 Nf3+ 31. Bxf3 Rxf3 32. Qe6 Qxc4 33. Bd6 Rf2+ 34. Kg3 Qc2 35. Qe4 Rh2 36. Qxc2 Rxc2 37. Re7 Kg8 38. Be5 Bf8 39. Re8 Kf7 40. Re6 Rd2 41. Rf6+ Ke7 42. d6+ Ke8 43. Rxg6 1-0


[Site "https://www.chess.com"]

[Event "Titled Tuesday Blitz November 01 Early 2022"]
[White "Shandrygin, Nikita"]
[Black "Gokerkan, Cem Kaan"]
[WhiteFideId "24198668"]
[BlackFideId "6336760"]
[WhiteElo "2323"]
[BlackElo "2365"]
[Result "0-1"]
[Round "07"]
[TimeControl "180+1"]
[Date "2022.11.01"]
[WhiteClock "0:00:06"]
[BlackClock "0:00:09"]

1. e4 c5 2. Nf3 g6 3. d4 cxd4 4. Nxd4 Bg7 5. Nc3 Nc6 6. Be3 Nf6 7. Nxc6 bxc6 8. e5 Ng8 9. f4 Nh6 10. Qd2 O-O 11. O-O-O d6 12. exd6 Nf5 13. dxe7 Qxe7 14. Bf2 Rb8 15. Bc4 Be6 16. Bb3 c5 17. Rhe1 c4 18. Nd5 Qb7 19. g4 cxb3 20. axb3 Rfc8 21. Nc3 Ne7 22. f5 gxf5 23. gxf5 Nxf5 24. Rg1 Kf8 25. Rxg7 Kxg7 26. Rg1+ Kf8 27. Qf4 Qb4 28. Qg5 Ke8 29. Qg8+ Qf8 30. Qg5 Qh6 31. Qxh6 Nxh6 32. Be3 Nf5 33. Bf4 Rb4 34. Be5 f6 35. Bxf6 Kf7 36. Be5 Rg8 37. Re1 Rbg4 38. Ne4 Rg1 39. Kd2 Rxe1 40. Kxe1 Re8 41. Kf2 Bd5 42. Ng5+ Kg6 43. Bf4 Nd6 44. Nh3 Ne4+ 45. Kg1 Be6 46. Nf2 Nxf2 47. Kxf2 Bf5 48. c4 Bc2 49. b4 Bd3 50. c5 a6 51. Bd6 Bb5 52. Kf3 Kf5 53. Bc7 Re4 0-1


[Site "https://www.chess.com"]

[Event "Titled Tuesday Blitz November 01 Early 2022"]
[White "Shipov, Sergei"]
[Black "Villamayor, Buenaventura"]
[WhiteFideId "4113624"]
[BlackFideId "5200393"]
[WhiteElo "2768"]
[BlackElo "2301"]
[Result "1-0"]
[Round "07"]
[TimeControl "180+1"]
[Date "2022.11.02"]
[WhiteClock "0:00:55"]
[BlackClock "0:00:51"]

1. d4 Nf6 2. c4 e6 3. Nc3 Bb4 4. Qc2 c5 5. dxc5 Bxc5 6. Nf3 Qb6 7. e3 Qc7 8. b3 a6 9. Bb2 b6 10. Be2 Bb7 11. O-O-O Be7 12. g4 d5 13. g5 Ne4 14. Nxe4 dxe4 15. Ne5 Bxg5 16. Rhg1 Bf6 17. Ng4 Nd7 18. Rxd7 Bxb2+ 19. Qxb2 Qxd7 20. Rd1 Qxd1+ 21. Bxd1 O-O 22. h4 Rad8 23. h5 h6 24. Qe5 Rd7 25. Bc2 Rfd8 26. a4 Rd2 27. Qc7 R8d7 28. Qxb6 Re2 29. c5 Rdd2 30. Bd1 1-0


[Site "https://www.chess.com"]